 Dungeon Crawl Stone Soup version 0.29.1 (webtiles) character file.

Game seed: 14580635848753828906

112 mtoz the Covered (level 4, -2/29 HPs)
             Began as a Gargoyle Fighter on Sept 13, 2022.
             Slain by an ogre
             ... wielding a +0 giant spiked club
              (17 damage)
             ... on level 4 of the Dungeon.
             The game lasted 00:09:48 (2138 turns).

mtoz the Covered (Gargoyle Fighter)                 Turns: 2138, Time: 00:09:49

Health: -2/29      AC: 16    Str: 21    XL:     4   Next: 93%
Magic:  4/4        EV:  6    Int:  9    God:
Gold:   128        SH:  4    Dex:  9    Spells: 3/3 levels left

rFire   . . .      SeeInvis .   a - +0 war axe
rCold   . . .      Faith    .   c - +0 buckler
rNeg    + . .      Spirit   .   E - +0 plate armour
rPois   ∞          Reflect  .   (no helmet)
rElec   +          Harm     .   D - +0 cloak
rCorr   .          Rampage  .   (no gloves)
Will    .....                   (no boots)
Stlth   ..........              f - amulet of regeneration
HPRegen 0.89/turn               (no ring)
MPRegen 0.09/turn               (no ring)

@: no status effects
A: sickness immunity, AC +3, negative energy resistance 1, electricity
resistance, torment resistance 1, petrification resistance
a: no special abilities


You were on level 4 of the Dungeon.
You visited 1 branch of the dungeon, and saw 4 of its levels.

You collected 128 gold pieces.

Inventory:

Hand Weapons
 a - a +0 war axe (weapon)
 o - a +0 flail
 r - a +2 whip of venom
 v - a +0 spear
 x - a +0 mace
 B - a +0 hand axe
Missiles
 q - a throwing net (quivered)
Armour
 b - a +0 scale mail
 c - a +0 buckler (worn)
 s - a +0 tower shield
 D - a +0 cloak (worn)
 E - a +0 plate armour (worn)
Jewellery
 f - an amulet of regeneration (around neck)
 H - a ring of fire
Scrolls
 h - 6 scrolls of identify {unknown}
 j - a scroll of immolation {unknown}
 l - a scroll of summoning {unknown}
 n - a scroll of fear {unknown}
 t - a scroll of teleportation {unknown}
 u - a scroll of amnesia {unknown}
 y - 2 scrolls of blinking {unknown}
 A - a scroll of acquirement {unknown}
 F - 2 scrolls of noise {unknown}
 G - 3 scrolls of enchant armour {unknown}
Potions
 d - a potion of might
 e - a potion of mutation {unknown}
 g - 3 potions of lignification {unknown}
 i - 2 potions of curing {unknown}
 k - 2 potions of haste {unknown}
 m - a potion of ambrosia {unknown}
 p - a potion of magic {unknown}
 w - a potion of invisibility {unknown}
 z - 2 potions of resistance {unknown}
 C - a potion of heal wounds {unknown}


   Skills:
 * Level 4.0 Fighting
 * Level 2.5 Axes
 * Level 4.1 Armour
 + Level 1.0 Dodging
 * Level 4.0 Shields


You had 3 spell levels left.
You didn't know any spells.
Your spell library was empty.

Dungeon Overview and Level Annotations

Branches:
Dungeon (4/15)
 Temple: D:4-7

Altars:

Shops:
D:2 [


Innate Abilities, Weirdness & Mutations

You are immune to sickness and miasma.
Your stone body is resilient. (AC +3)
You are immune to poison.
You resist negative energy. (rN+)
You are resistant to electric shocks. (rElec)
You are resistant to unholy torment.
You are immune to petrification.


Message History

You slash the jackal!
You kill the jackal!
You barely miss the jackal.
The jackal bites you but does no damage. x2
You hit the jackal.
The jackal is moderately wounded.
You block the jackal's attack. The jackal barely misses you.
You hit the jackal.
You kill the jackal!
No target in view!
No target in view!
You open the door.
A jackal comes into view.
There is an open door here.
You hit the jackal.
The jackal is heavily wounded.
The jackal barely misses you.
The jackal bites you but does no damage.
You barely miss the jackal.
The jackal is heavily wounded.
You block the jackal's attack.
The jackal bites you but does no damage.
You hit the jackal.
You kill the jackal!
No target in view!
You open the door.
An ogre comes into view. It is wielding a +0 giant spiked club.
The ogre shouts!
Found a robe.
There is an open door here.
There is an open door here.
You hit the ogre.
The ogre is lightly wounded.
The ogre hits you with a +0 giant spiked club!
You are too injured to fight recklessly!
You are too injured to fight recklessly!
The ogre attacks as you move away!
The ogre hits you with a +0 giant spiked club!
Ouch! That really hurt!
You die...

##+## #...# #...#
#...+ #...# ..
#...# #.#.
#...#.....
#[O.....#
##@##.#.#.#
#.##.#.#.#
#.##.#.#.# .
#.##.#.#.#..
#.##.#.#.#.#
#.##.#.#.#.#
#.##'#..†#.#
#..........#
######..........#


You could see an ogre.

Vanquished Creatures
  A gnoll (D:1)
  2 adders
  A worm (D:4)
  3 dart slugs
  An orc (D:3)
  8 ball pythons
  6 endoplasms
  3 giant cockroaches
  3 goblins
  6 hobgoblins
  7 jackals
  8 kobolds
  4 quokkas
  6 bats
  7 frilled lizards
  3 rats
69 creatures vanquished.

Vanquished Creatures (others)
  4 plants (D:1)
4 creatures vanquished.

Grand Total: 73 creatures vanquished

Notes
Turn   | Place    | Note
-------+----------+-------------------------------------------
     0 | D:1      | mtoz the Gargoyle Fighter began the quest for the Orb.
     0 | D:1      | Reached XP level 1. HP: 14/14 MP: 1/1
   115 | D:1      | Reached XP level 2. HP: 19/19 MP: 2/2
   272 | D:1      | Reached XP level 3. HP: 23/23 MP: 3/3
   762 | D:2      | Found Xeat's Armour Shoppe.
  1044 | D:2      | Reached XP level 4. HP: 29/29 MP: 4/4
  1738 | D:3      | Found a faded altar of an unknown god.
  2105 | D:4      | Reached skill level 1 in Dodging
  2133 | D:4      | Noticed an ogre
  2138 | D:4      | Slain by an ogre

Illustrated notes

Levels and vault maps discovered:
D:1:      lemuel_arrival_rhombus, layout_loops_cross, nicolae_grassy_gnolls
D:2:      layout_basic, serial_shops, shop
D:3:      layout_basic, nicolae_ecumenical_snake_handling
D:4:      layout_basic, overflow_temple_1_default, serial_corexii_hall,
          corexii_hall_statues_deadend, chequers_hall_statues_wall_a,
          enter_ossuary_5, minmay_a_box_with_orc_wizards_in_it, uniq_sigmund

Skill      XL: |  1  2  3  4 |
---------------+-------------+-----
Axes           | 2 |  2.5
Armour         | 4 |  4.1
Fighting       | 4 |  4.0
Dodging        | 1 |  1.0
Shields        | 4 |  4.0

Action                   |  1- 3 |  4- 6 || total
-------------------------+-------+-------++-------
Melee: War axe           |   109 |    81 ||   190
Armor: Scale mail        |    74 |    10 ||    84
       Plate armour      |       |    68 ||    68
Dodge: Dodged            |    69 |    30 ||    99
Block: Buckler           |    23 |    18 ||    41
